cohdb
Replays
Latest Replays
All Replays
Popular Replays
Top Player Replays
Match Explorer
How It Works
Community
CoH3 Stats
Reddit
Sign in to upload your games and track your stats! →
Sign in with Steam
Match 43245703
Unlisted
Match 43245703
Overview
Messages
Build Orders
End
Selects Italian Coastal Battlegroup
Selects Coastal Reserves
Coastal Reserve
Kettenkrad Recon Vehicle
Construct Infanterie Kompanie
Grenadier Squad
MG 42 Machine Gun Team
Pioneer Squad
MG 42 Machine Gun Team
Construct Panzergrenadier Kompanie
Medical Station
251 Medium Carrier
Pioneer Squad
Pak 40 Anti-tank Gun Team
Support Elements
Pioneer Squad
StuG III G Assault Gun
Nebelwerfer 42 Rocket Launcher Team
Selects Artillery Officer
Selects Obice da 210/22 Artillery Emplacement
average offlane enjoyer
MERKAVA
robwarrior
njk951219
0
0
Comments
sign in to comment!
No comments posted yet!